[Event "Austrian Championship 2022"]
[Site "Vienna"]
[Date "2022.08.18"]
[Round "8.20"]
[White "Balint, Peter"]
[Black "Schnepp, Gunnar"]
[Result "1-0"]
[ECO "B90"]
[WhiteElo "2051"]
[BlackElo "2265"]
[Annotator "NA RC"]
[PlyCount "43"]
[EventDate "2022.08.12"]
[EventType "swiss"]
[EventCountry "AUT"]
[SourceTitle "playchess.com"]
[Source "ChessBase"]
[SourceQuality "1"]
[TimeControl "40/5400+30:1800+30"]

1. e4 c5 2. Nf3 d6 3. d4 cxd4 4. Nxd4 Nf6 5. Nc3 a6 6. Be3 e5 7. Nb3 Be6 8. f3 h5 9. Qd2 Nbd7 10. Nd5 Nxd5 11. exd5 Bf5 12. O-O-O Be7 13. Kb1 Rc8 14. Bd3 Bxd3 15. Qxd3 Bg5 16. Bf2 h4 17. g3 b5 18. f4 exf4 19. Rhe1+ Ne5 20. Qf5 O-O 21. gxf4 g6 22. Qxg5 1-0

[Event "Austrian Championship 2022"]
[Site "Vienna"]
[Date "2022.08.18"]
[Round "8.21"]
[White "Nolz, Tom"]
[Black "Stadlinger, Matthias"]
[Result "1-0"]
[ECO "B00"]
[WhiteElo "2230"]
[BlackElo "1975"]
[Annotator "NA RC"]
[PlyCount "85"]
[EventDate "2022.08.12"]
[EventType "swiss"]
[EventCountry "AUT"]
[SourceTitle "playchess.com"]
[Source "ChessBase"]
[SourceQuality "1"]
[TimeControl "40/5400+30:1800+30"]

1. d4 e6 2. Nf3 b6 3. e4 Bb7 4. Bd3 c5 5. c3 d5 6. e5 Nc6 7. O-O Qc7 8. Na3 cxd4 9. Nb5 Qd7 10. cxd4 Nb4 11. Be2 a6 12. Nc3 Ne7 13. Na4 Nc8 14. a3 Nc6 15. b4 Qc7 16. Bd2 b5 17. Nc5 Nb6 18. a4 Nc4 19. axb5 axb5 20. Rxa8+ Bxa8 21. Bc3 Be7 22. Bd3 O-O 23. Qc2 h6 24. Qe2 Bb7 25. h4 Ra8 26. h5 Ra3 27. Rc1 Bc8 28. Bb1 Bxc5 29. bxc5 Ne7 30. Qc2 g6 31. hxg6 fxg6 32. Nh4 Nf5 33. Nxg6 Qg7 34. Nf4 Qg4 35. g3 h5 36. Qe2 Rxc3 37. Rxc3 Nxd4 38. Qd3 Nxe5 39. Qh7+ Kf8 40. Qh8+ Ke7 41. Qxe5 Nf3+ 42. Rxf3 Qxf3 43. Qd6+ 1-0

[Event "Austrian Championship 2022"]
[Site "Vienna"]
[Date "2022.08.18"]
[Round "8.22"]
[White "Dotzer, Lukas"]
[Black "Steiner, Adam"]
[Result "1-0"]
[ECO "B15"]
[WhiteElo "2269"]
[BlackElo "2226"]
[Annotator "NA RC"]
[PlyCount "91"]
[EventDate "2022.08.12"]
[EventType "swiss"]
[EventCountry "AUT"]
[SourceTitle "playchess.com"]
[Source "ChessBase"]
[SourceQuality "1"]
[TimeControl "40/5400+30:1800+30"]

1. e4 c6 2. d4 d5 3. Nc3 dxe4 4. Nxe4 Nf6 5. Nxf6+ exf6 6. c3 Bd6 7. Bd3 O-O 8. Qc2 Re8+ 9. Ne2 h5 10. O-O h4 11. Bf4 Na6 12. Rfe1 Nc7 13. Qd2 Bg4 14. f3 Be6 15. Bxd6 Qxd6 16. Qf4 Qxf4 17. Nxf4 g6 18. Re4 f5 19. Re5 Kg7 20. Kf2 f6 21. Re2 Bf7 22. Rae1 Rxe2+ 23. Nxe2 Re8 24. g3 a6 25. gxh4 Bxa2 26. Rg1 Kh6 27. h5 g5 28. c4 b5 29. Ng3 Bxc4 30. Nxf5+ Kh7 31. Be4 Kh8 32. h4 Rg8 33. Ne7 Rd8 34. hxg5 fxg5 35. Nxc6 Rd6 36. Rxg5 Nd5 37. Ne5 Ne7 38. Nxc4 bxc4 39. Ke3 Rb6 40. Re5 Ng8 41. Bd5 Nf6 42. Bxc4 Rxb2 43. Re6 Nh7 44. Bd3 Nf8 45. Rxa6 Rh2 46. h6 1-0

[Event "Austrian Championship 2022"]
[Site "Vienna"]
[Date "2022.08.18"]
[Round "8.23"]
[White "Spiesberger, Gerhard"]
[Black "Scheffknecht, Philipp"]
[Result "1/2-1/2"]
[ECO "A35"]
[WhiteElo "1972"]
[BlackElo "2093"]
[Annotator "NA RC"]
[PlyCount "130"]
[EventDate "2022.08.12"]
[EventType "swiss"]
[EventCountry "AUT"]
[SourceTitle "playchess.com"]
[Source "ChessBase"]
[SourceQuality "1"]
[TimeControl "40/5400+30:1800+30"]

1. c4 c5 2. Nc3 Nc6 3. Nf3 e5 4. g3 f5 5. d3 Be7 6. Bg2 d6 7. a3 Nf6 8. Rb1 a5 9. b3 O-O 10. Nd5 Kh8 11. Bd2 Be6 12. Nxe7 Qxe7 13. O-O d5 14. cxd5 Bxd5 15. e3 Rad8 16. b4 axb4 17. axb4 cxb4 18. Qa4 b3 19. Bc3 Ra8 20. Qb5 Rfd8 21. Rfe1 Na7 22. Qb6 Nd7 23. Qa5 b5 24. Qb4 Qxb4 25. Bxb4 Nc6 26. Bd6 Kg8 27. Rec1 Rac8 28. h4 Nb6 29. Ba3 Na4 30. Bb2 Nxb2 31. Rxb2 e4 32. dxe4 fxe4 33. Nd2 Nb4 34. Rxc8 Rxc8 35. Nxb3 Nd3 36. Rb1 b4 37. Nd2 Rc1+ 38. Rxc1 Nxc1 39. Bxe4 Ba2 40. Kf1 Be6 41. Ke1 Na2 42. Nb1 h6 43. Kd2 Kf7 44. Kc2 Kf6 45. Kb2 g5 46. hxg5+ hxg5 47. f4 gxf4 48. gxf4 Kg7 49. Bc2 Kf6 50. Bb3 Bxb3 51. Kxb3 Nc1+ 52. Kc2 Ne2 53. Kd3 Nc1+ 54. Ke4 Nb3 55. Kf3 Kf5 56. e4+ Ke6 57. Ke3 Kf6 58. Nd2 Nc5 59. f5 Ke5 60. Nc4+ Kf6 61. Nb2 b3 62. Kd4 Nd7 63. Kd5 Ne5 64. Kc5 Nf7 65. Kc4 Nd6+ 1/2-1/2

[Event "Austrian Championship 2022"]
[Site "Vienna"]
[Date "2022.08.18"]
[Round "8.24"]
[White "Steiner, Bruno"]
[Black "Wiedermann, Daniel"]
[Result "1-0"]
[ECO "D00"]
[WhiteElo "2126"]
[BlackElo "2053"]
[Annotator "NA RC"]
[PlyCount "131"]
[EventDate "2022.08.12"]
[EventType "swiss"]
[EventCountry "AUT"]
[SourceTitle "playchess.com"]
[Source "ChessBase"]
[SourceQuality "1"]
[TimeControl "40/5400+30:1800+30"]

1. d4 Nf6 2. Bg5 g6 3. Bxf6 exf6 4. e3 d5 5. c4 dxc4 6. Bxc4 Nd7 7. Nf3 Bd6 8. Nc3 f5 9. h4 h5 10. Ng5 O-O 11. Qf3 Nb6 12. Bb3 c6 13. O-O Kg7 14. Rfe1 Be7 15. Qg3 Bd6 16. Qf3 Be7 17. Qg3 Bd6 18. f4 f6 19. Ne6+ Bxe6 20. Bxe6 Re8 21. Bxf5 g5 22. hxg5 fxg5 23. Ne4 g4 24. Bxg4 hxg4 25. Qxg4+ Kf8 26. Qf5+ Kg7 27. Qg4+ Kf8 28. Qg6 Bb4 29. Ng5 Re7 30. Rf1 Qd7 31. Rf3 Rg7 32. Ne6+ Kg8 33. Nxg7 Qxg7 34. Qe6+ Kf8 35. Qh3 Ke7 36. Rg3 Qf7 37. f5 Rf8 38. Rf1 Kd8 39. f6 Qd7 40. Qxd7+ Nxd7 41. Rgf3 c5 42. a3 Ba5 43. dxc5 Ne5 44. Rf4 a6 45. Re4 Nd7 46. f7 Nxc5 47. Re8+ Rxe8 48. fxe8=Q+ Kxe8 49. b4 Bb6 50. bxc5 Bxc5 51. Rb1 Bxe3+ 52. Kf1 Bc5 53. Rxb7 Bxa3 54. Ra7 Bc5 55. Rxa6 Kf7 56. Ke2 Be7 57. Kf3 Bf6 58. Rxf6+ Kxf6 59. Kf4 Kf7 60. Kg5 Kf8 61. Kg6 Kg8 62. g4 Kh8 63. g5 Kg8 64. Kh6 Kh8 65. g6 Kg8 66. g7 1-0

[Event "Austrian Championship 2022"]
[Site "Vienna"]
[Date "2022.08.19"]
[Round "9.1"]
[White "Blohberger, Felix"]
[Black "Horvath, Dominik"]
[Result "1/2-1/2"]
[ECO "C88"]
[WhiteElo "2492"]
[BlackElo "2488"]
[Annotator "TA"]
[PlyCount "36"]
[EventDate "2022.08.12"]
[EventType "swiss"]
[EventCountry "AUT"]
[SourceTitle "playchess.com"]
[Source "ChessBase"]
[SourceQuality "1"]
[TimeControl "40/5400+30:1800+30"]

1. e4 e5 2. Nf3 Nc6 3. Bb5 a6 4. Ba4 Nf6 5. O-O Be7 6. Re1 b5 7. Bb3 O-O 8. a4 b4 9. d3 {[%emt 0:02:30] 9.d4 is the fancy move.} d6 10. Nbd2 {[%emt 0:00:41] The position is equal.} Na5 {[%emt 0:00:07] C88: Closed Ruy Lopez: Anti-Marshall Systems.} 11. Ba2 c5 12. c3 Nc6 13. h3 Be6 14. Nc4 Rb8 15. Ng5 {[%emt 0:01:14] [#]} Bc8 $146 ({Predecessor:} 15... Bd7 16. f4 h6 17. Nf3 exf4 18. Bxf4 Be6 19. Ne3 bxc3 20. bxc3 Rb2 21. Bd5 Qd7 22. a5 Rb5 23. Bh2 Qc7 24. Bxe6 fxe6 25. Nc4 {0-1 (46) Karjakin,S (2753)-So,W (2765) Kolkata 2018}) 16. Nf3 Be6 17. Ng5 Bc8 18. Nf3 Be6 {[%emt 0:48:06] Not much happened in this game.  Weighted Error Value: White=0.04 (flawless) /Black=0.02 (flawless)} 1/2-1/2

[Event "Austrian Championship 2022"]
[Site "Vienna"]
[Date "2022.08.19"]
[Round "9.1"]
[White "Steiner, Adam"]
[Black "Kersten, Julian"]
[Result "1-0"]
[ECO "B13"]
[WhiteElo "2226"]
[BlackElo "1999"]
[Annotator "TA"]
[PlyCount "55"]
[EventDate "2022.08.12"]
[EventType "swiss"]
[EventCountry "AUT"]
[SourceTitle "playchess.com"]
[Source "ChessBase"]
[SourceQuality "1"]
[TimeControl "40/5400+30:1800+30"]

1. d4 d5 2. Bf4 c5 3. e3 cxd4 4. exd4 Nc6 5. c3 f6 6. Nf3 {[%emt 0:08:09] Inhibits e5. B13: Caro-Kann: Exchange Variation and Panov-Botvinnik Attack.} g5 7. Bg3 ({Much weaker is} 7. Nxg5 fxg5 8. Qh5+ Kd7 9. Bxg5 Qe8 $17) 7... Bf5 8. Na3 {[%emt 0:07:47][%cal Bb1a3,Ba3c2,Bc2e3][%mdl 32] [#] The position is equal.} h5 $146 {[%emt 0:03:37] [#] ...h4 is the strong threat.} ({Predecessor:} 8... e6 9. Nc2 h5 10. h4 g4 11. Ng1 Qd7 12. Ne3 Bg6 13. Bd3 Nge7 14. Bxg6+ Nxg6 {0-1 (38) Ivanovic,M (2247)-Mehmed,E (2165) Paracin 2020}) 9. h3 e6 10. Nc2 Bd6 11. Bxd6 Qxd6 12. Ne3 Be4 13. Bd3 Bxd3 14. Qxd3 Kf7 15. O-O-O Nge7 16. Kb1 Rac8 17. Ne1 a6 (17... Ng6 $11) 18. Qd2 h4 19. Nd3 b6 ({Black should try} 19... Ng6 $14) 20. Ng4 $16 Nf5 21. Rhf1 Qc7 (21... Kg7 $142 22. f4 Rh5) 22. f4 $18 Ng3 23. fxg5 Nxf1 (23... f5 {was called for.} 24. Qe3 Ne4) 24. Rxf1 {[%emt 0:00:17] White is clearly winning.} f5 25. Qe2 Qe7 26. Nf4 b5 27. Nh6+ {[%emt 0:01:51] Pair of Knights!} Ke8 28. Ng6 {[%emt 0:00:52] Weighted Error Value: White=0.06 (flawless) /Black=0.36} 1-0

[Event "Austrian Championship 2022"]
[Site "Vienna"]
[Date "2022.08.19"]
[Round "9.2"]
[White "Stanec, Nikolaus"]
[Black "Diermair, Andreas"]
[Result "1/2-1/2"]
[ECO "C68"]
[WhiteElo "2460"]
[BlackElo "2452"]
[Annotator "TA"]
[PlyCount "23"]
[EventDate "2022.08.12"]
[EventType "swiss"]
[EventCountry "AUT"]
[SourceTitle "playchess.com"]
[Source "ChessBase"]
[SourceQuality "1"]
[TimeControl "40/5400+30:1800+30"]

1. e4 e5 2. Nf3 Nc6 3. Bb5 a6 4. Bxc6 dxc6 5. O-O Bg4 6. h3 h5 7. c3 Qd3 8. hxg4 hxg4 9. Nxe5 Bd6 10. Nxd3 Bh2+ 11. Kh1 {[%emt 0:00:05] [#]} Bg3+ $146 ({Predecessor:} 11... Bf4+) 12. Kg1 1/2-1/2

[Event "Austrian Championship 2022"]
[Site "Vienna"]
[Date "2022.08.19"]
[Round "9.2"]
[White "Wiedermann, Daniel"]
[Black "Stadlinger, Matthias"]
[Result "1/2-1/2"]
[ECO "A80"]
[WhiteElo "2053"]
[BlackElo "1975"]
[Annotator "NA RC"]
[PlyCount "82"]
[EventDate "2022.08.12"]
[EventType "swiss"]
[EventCountry "AUT"]
[SourceTitle "playchess.com"]
[Source "ChessBase"]
[SourceQuality "1"]
[TimeControl "40/5400+30:1800+30"]

1. d4 f5 2. Nf3 Nf6 3. h3 e6 4. Bf4 b6 5. e3 Bb7 6. g4 Ne4 7. gxf5 exf5 8. Rg1 g6 9. Bd3 Be7 10. Qe2 d6 11. Nbd2 Nd7 12. Bxe4 (12. Bc4 $14) 12... fxe4 13. Ng5 Nf6 14. Qc4 Bd5 15. Qa4+ Qd7 16. Qxd7+ Kxd7 17. c4 h6 18. cxd5 hxg5 19. Bxg5 Nxd5 20. Bxe7 Nxe7 21. Nxe4 Rxh3 $11 22. Ke2 Rf8 23. Rh1 Rfh8 24. Rxh3 Rxh3 25. Rc1 Nd5 26. Rg1 Ne7 27. Ng5 Rh2 28. e4 d5 29. Nf3 Rh6 30. Ne5+ Ke6 31. Ng4 Rh3 32. f3 c5 33. dxc5 bxc5 34. Nf2 Rh2 35. Rc1 c4 36. Ke3 Kd6 37. Rd1 Kc5 38. f4 d4+ 39. Kf3 c3 40. Rc1 Kc4 41. Kg3 Rh7 1/2-1/2

[Event "Austrian Championship 2022"]
[Site "Vienna"]
[Date "2022.08.19"]
[Round "9.3"]
[White "Steindl, Johannes"]
[Black "Menezes, Christoph"]
[Result "1-0"]
[ECO "C65"]
[WhiteElo "2312"]
[BlackElo "2417"]
[Annotator "TA"]
[PlyCount "65"]
[EventDate "2022.08.12"]
[EventType "swiss"]
[EventCountry "AUT"]
[SourceTitle "playchess.com"]
[Source "ChessBase"]
[SourceQuality "1"]
[TimeControl "40/5400+30:1800+30"]

1. e4 e5 2. Nf3 Nc6 3. Bb5 Nf6 4. d3 Bc5 5. Bxc6 dxc6 6. O-O {[%emt 0:00:05] C65: Ruy Lopez: Berlin Defence (3...Nf6), unusual lines and 4 0-0 Bc5.} Qe7 7. Bg5 h6 8. Bh4 {[%emt 0:02:30] The position is equal.} Bg4 9. Nbd2 g5 10. Bg3 Nd7 11. c3 {[%emt 0:07:12] [#]} (11. h3 $5 Bxf3 12. Nxf3 $11) 11... f6 $146 ({Predecessor:} 11... h5 12. h3 h4 13. Bh2 Bh5 14. Qb3 O-O-O 15. Qc2 g4 16. hxg4 Bxg4 17. b4 Bd6 {0-1 (35) Wojcicki,M-Kobus,S (1581) Przysiek 2006}) 12. Nc4 ({White should play} 12. Qc2 $11) 12... h5 $36 {[%emt 0:12:04][%mdl 2048] Black is more active.} 13. h4 (13. h3 $15 h4 14. Bh2) 13... gxh4 14. Bxh4 {[%emt 0:00:17] [#]} O-O-O $1 15. b4 Bd6 16. Qa4 Kb8 {[%emt 0:02:52] Hoping for ...Bxf3.} ({Stronger than} 16... Bxf3 17. gxf3 Qg7+ 18. Kh2 $15) 17. Nfd2 Be2 (17... b5 $2 18. Qa6 bxc4 19. Nxc4 $18) 18. Rfe1 Bxd3 {[%emt 0:00:50] Strongly threatening ...b5.} 19. Ne3 Ba6 (19... Qh7 $17 20. f3 Be7) 20. Qb3 $11 Rhf8 (20... Rh7 $11) 21. Nf5 {[%emt 0:01:09][%mdl 1024] White has compensation.} Qf7 22. c4 $1 Be7 23. b5 {[%emt 0:11:39] White is more active.} ({Better is} 23. Red1 $14) 23... Nc5 24. Qb4 cxb5 25. cxb5 Bxb5 {[%emt 0:00:58] This move loses the game for Black.} 26. Nxe7 $18 {[%emt 0:00:09][%mdl 64] Deflection} Qxe7 27. Nb3 {[%emt 0:00:05][%cal Bd2b3,Bb3c5,Bc5e6][%mdl 32] Inhibits Rd4.} Bc6 28. Nxc5 {[%emt 0:02:31] Na6+ is the strong threat.} Ka8 29. Rac1 {[%emt 0:00:39][%cal Oc5a6] And now Na6! would win.} Rg8 30. Qb3 Rg4 31. g3 Rdg8 $2 {[%emt 0:00:36] [#]} (31... Rd6 32. Red1 a6) 32. Ne6 $1 {[%emt 0:01:11][%cal Oc1c6] aiming for Rxc6!} Qf7 {[%emt 0:03:39] [#]} (32... Ba4 33. Nxc7+) 33. Rxc6 $1 {[%emt 0:00:49][%mdl 512] Weighted Error Value: White=0.15 (very precise) /Black=0.68} 1-0

[Event "Austrian Championship 2022"]
[Site "Vienna"]
[Date "2022.08.19"]
[Round "9.3"]
[White "Ivanyk, Igor"]
[Black "Hengl, Philip"]
[Result "1/2-1/2"]
[ECO "C67"]
[WhiteElo "2002"]
[BlackElo "1968"]
[Annotator "TA"]
[PlyCount "71"]
[EventDate "2022.08.12"]
[EventType "swiss"]
[EventCountry "AUT"]
[SourceTitle "playchess.com"]
[Source "ChessBase"]
[SourceQuality "1"]
[TimeControl "40/5400+30:1800+30"]

1. e4 e5 2. Nf3 Nc6 3. Bb5 Nf6 4. O-O Nxe4 5. d4 Nd6 6. dxe5 Nxb5 7. a4 Nbd4 8. Nxd4 Nxd4 9. Qxd4 d5 10. exd6 Qxd6 11. Qe4+ Qe6 12. Qd4 Qd6 13. Qe4+ {[%emt 0:02:04] C67: Ruy Lopez: Berlin Defence: 4 0-0 Nxe4.} Qe6 14. Nc3 Qxe4 15. Nxe4 {[%emt 0:00:09] Black has an edge.} Bf5 16. Re1 {[%emt 0:01:31] [#] Nf6+ would kill now.} O-O-O {[%emt 0:00:33] ...Bxe4 is the strong threat.} 17. Bf4 {[%emt 0:04:39] [#]} Bxe4 $146 ({Predecessor:} 17... Be7 18. c3 Rhe8 19. Ng3 Be6 20. Nh5 Bf8 21. Be5 f6 22. Bd4 a5 23. Nf4 Bb3 24. f3 b6 25. Rxe8 Rxe8 {0-1 (61) Jazdanovs,A (2089)-Reimanis,R (2397) Katowice 2021}) 18. Rxe4 {[%emt 0:00:39] The position is equal.} Bd6 19. Bxd6 Rxd6 $11 {[%emt 0:00:07][%mdl 4096] Endgame KRR-KRR} 20. Re7 Rd7 21. Rae1 Rhd8 {[%emt 0:00:30] [#] Strongly threatening ...Rxe7.} 22. Kf1 Rxe7 23. Rxe7 {[%emt 0:00:08] KR-KR} Rd7 24. Re8+ Rd8 25. Rxd8+ Kxd8 {[%emt 0:00:07] KP-KP} 26. Ke2 Ke7 27. Kd3 Kd6 28. Kc4 c6 29. b4 b6 30. h3 a6 31. g3 c5 32. c3 Kc6 33. b5+ axb5+ 34. axb5+ Kd6 35. Kd3 f5 36. f4 {[%emt 0:25:17] Weighted Error Value: White=0.04 (flawless) /Black=0.02 (flawless)} 1/2-1/2

[Event "Austrian Championship 2022"]
[Site "Vienna"]
[Date "2022.08.19"]
[Round "9.4"]
[White "Leisch, Lukas"]
[Black "Morgunov, Marc"]
[Result "1/2-1/2"]
[ECO "E92"]
[WhiteElo "2404"]
[BlackElo "2376"]
[Annotator "TA"]
[PlyCount "34"]
[EventDate "2022.08.12"]
[EventType "swiss"]
[EventCountry "AUT"]
[SourceTitle "playchess.com"]
[Source "ChessBase"]
[SourceQuality "1"]
[TimeControl "40/5400+30:1800+30"]

1. d4 Nf6 2. c4 g6 3. Nc3 Bg7 4. e4 d6 5. Nf3 O-O 6. Be2 e5 7. d5 a5 8. Bg5 h6 9. Bh4 g5 {[%emt 0:00:02] [#] E92: King's Indian: Classical: 6 Be2 e5: 7 dxe5, 7 Be3 and Petrosian System without 7...Nbd7.} 10. Nxg5 hxg5 11. Bxg5 {[%emt 1:35:10] [#] A rather calm draw.} {Predecessor:} Qe8 $146 12. h4 Nh7 13. Be3 Na6 14. g4 Nc5 15. Qc2 Kh8 16. O-O-O Rg8 17. g5 Bf8 {1-0 (60) Leisch,L (2394)-Kalavannan,K (2324) Tornelo INT 2020} 1/2-1/2

[Event "Austrian Championship 2022"]
[Site "Vienna"]
[Date "2022.08.19"]
[Round "9.4"]
[White "Geroe, Leonhard"]
[Black "Mayrhuber, Tobias"]
[Result "0-1"]
[ECO "C78"]
[WhiteElo "2017"]
[BlackElo "2010"]
[Annotator "TA"]
[PlyCount "38"]
[EventDate "2022.08.12"]
[EventType "swiss"]
[EventCountry "AUT"]
[SourceTitle "playchess.com"]
[Source "ChessBase"]
[SourceQuality "1"]
[TimeControl "40/5400+30:1800+30"]

1. e4 e5 2. Nf3 Nc6 3. Bb5 a6 4. Ba4 Nf6 5. O-O b5 6. Bb3 Bc5 7. Nxe5 Nxe5 8. d4 Bxd4 9. Qxd4 d6 10. c3 O-O 11. Bg5 c5 12. Qd1 h6 {[%emt 0:03:04] C78: Ruy Lopez: Archangelsk and Möller Defences.} 13. Bxf6 Qxf6 14. Bd5 Rb8 {[%emt 0:02:51][%cal Ba8b8,Bb8b4,Bb4d4][%mdl 32] [#] The position is equal.} 15. Na3 $146 ({Predecessor:} 15. f4 Ng4 16. Qe2 Qh4 17. h3 Nf6 18. Nd2 Nxd5 19. exd5 Bb7 20. Qd3 Rfe8 21. Ne4 {0-1 (42) Goltsev,D (2282)-Pranav,V (2486) Chess.com INT 2021}) 15... b4 16. cxb4 Rxb4 17. Rb1 {[%emt 0:00:47] [#]} (17. f4 $1 $11 {keeps the balance.} Ng4 18. Nc4) 17... Rd4 $1 $17 {[%emt 0:09:03] Black is more active.} 18. Qc2 {[%emt 0:07:30][%mdl 8192] [#]} (18. Qe2 $17) 18... Nf3+ $1 $19 19. gxf3 (19. Kh1 Qf4) 19... Bh3 {[%emt 0:00:43] White got outplayed after the opening.  Weighted Error Value: White=1.40/Black=0.02 (flawless)} 0-1

[Event "Austrian Championship 2022"]
[Site "Vienna"]
[Date "2022.08.19"]
[Round "9.5"]
[White "Shengelia, David"]
[Black "Kristoferitsch, Daniel"]
[Result "1-0"]
[ECO "A01"]
[WhiteElo "2462"]
[BlackElo "2312"]
[Annotator "TA"]
[PlyCount "103"]
[EventDate "2022.08.12"]
[EventType "swiss"]
[EventCountry "AUT"]
[SourceTitle "playchess.com"]
[Source "ChessBase"]
[SourceQuality "1"]
[TimeControl "40/5400+30:1800+30"]

1. b3 Nf6 2. Bb2 g6 3. d4 Bg7 4. Nc3 d5 5. Qd2 O-O 6. f3 {[%emt 0:01:45] A01: Nimzowitsch-Larsen Opening.} c5 7. e3 {[%emt 0:00:52] [#]} Nc6 $146 ({Predecessor:} 7... cxd4 8. exd4 Nc6 9. O-O-O a6 10. Kb1 Qd6 11. h4 h5 12. Qf2 b5 13. Bd3 Nb4 {0-1 (36) Jobava,B (2685)-Kelires,A (2523) Batumi 2018}) 8. O-O-O {[%emt 0:04:26] Black is slightly better.} Bh6 $1 9. Nce2 cxd4 10. Nxd4 Re8 (10... e5 $17 11. Nxc6 bxc6 12. Bxe5 Re8) 11. Kb1 (11. Nxc6 $15 bxc6 12. g4) 11... e5 12. Nxc6 bxc6 13. Qe1 a5 {[%emt 0:03:31] White must now prevent ...a4.} 14. h4 a4 15. g4 (15. h5 $17 {was called for.} Bg7 16. hxg6 hxg6 17. Ne2) 15... Bg7 $19 16. h5 axb3 17. axb3 Qb6 18. hxg6 hxg6 19. Nh3 (19. g5 Nh5 20. Rh4 Bf8) 19... Bb7 {[%emt 0:03:10] aiming for ...c5.} 20. e4 Rad8 $2 (20... Qa7 21. Ng5 $15) (20... d4 $17 {Hoping for ...c5.} 21. Nf2 c5) 21. Ng5 $11 c5 22. exd5 Bxd5 23. Qc3 (23. Bxe5 $2 Nxg4 24. Rxd5 Rxd5 $19) 23... Nxg4 24. Rxd5 Rxd5 25. Bc4 $1 {[%emt 0:00:23] The board is on fire. A strong pair of Bishops.} (25. fxg4 $2 Rd1+ 26. Bc1 e4 $19) 25... Nf6 26. Bxd5 Nxd5 27. Qc4 Qc6 28. Rd1 Rd8 29. Rd3 $40 {[%emt 0:03:52][%mdl 128] Inhibits Nc3+. White has some attack.} (29. Qh4 $2 Nc3+ $1 30. Bxc3 Rxd1+ $19) 29... Bf6 (29... Rd7 $5 ) 30. Ne4 Be7 31. Bxe5 Rd7 {[%emt 0:02:04] [#]} (31... Kf8 $16) 32. Nd6 $1 Nc3+ $1 $14 33. Rxc3 Bxd6 34. Bxd6 Qxd6 ({Black should play} 34... Rxd6 $14 35. Qxc5 Rd1+ 36. Kb2 Qf6) 35. Qxc5 {[%emt 0:00:11][%mdl 4096] Endgame KQR-KQR} (35. Rd3 $142 Qe7 36. Rxd7 Qxd7 37. Qxc5) 35... Qd1+ (35... Qf6 $16) 36. Kb2 $18 Rd8 37. Qc6 {[%emt 0:00:59] Against Ra8} (37. b4 $1 $18) 37... Qd4 $16 38. Qe4 ({White should try} 38. Ka2 $1 $16) 38... Qf6 $11 39. Qc6 Rd6 40. Qe8+ Kg7 41. Qe3 Ra6 (41... Rd4 $11) 42. Qc5 Kh7 {[%emt 0:07:29] [#]} (42... Rd6 $14) 43. b4 $1 $16 Rb6 {[%emt 0:07:50] [#]} (43... Rd6 $16 {might work better.}) 44. Kb3 $1 $18 Rb8 45. Qd5 Qe7 $2 (45... Rd8 46. Rc6 Qe7) 46. Qe4 Qa7 47. Rd3 ({Weaker is} 47. Qh4+ Kg8 $16) 47... Kg8 48. Qd4 {[%emt 0:00:00] Active counter play!} Qa6 (48... Qe7 {is a better defense.} 49. Qe4 Qf6) 49. Qd6 Qb7 50. f4 {[%emt 0:00:00] Strongly threatening c4.} Ra8 51. Qf6 Qa7 $2 (51... Qh1 52. Rd8+ Rxd8 53. Qxd8+ Kg7 54. Qd4+ Kg8) 52. Rd8+ {[%emt 0:00:00] Both players deserved the win here.  Weighted Error Value: White=0.25 (precise) /Black=0.43} 1-0

[Event "Austrian Championship 2022"]
[Site "Vienna"]
[Date "2022.08.19"]
[Round "9.5"]
[White "Tumanyan, Gor"]
[Black "Oberhuber, Alexander"]
[Result "1-0"]
[ECO "B27"]
[WhiteElo "1884"]
[BlackElo "2062"]
[Annotator "TA"]
[PlyCount "39"]
[EventDate "2022.08.12"]
[EventType "swiss"]
[EventCountry "AUT"]
[SourceTitle "playchess.com"]
[Source "ChessBase"]
[SourceQuality "1"]
[TimeControl "40/5400+30:1800+30"]

1. e4 c5 2. Nf3 g6 3. d4 cxd4 4. Qxd4 Nf6 5. e5 Nc6 6. Qa4 Nd5 7. Qe4 Nc7 8. Nc3 Bg7 {[%emt 0:00:40] B27: Sicilian: 2 Nf3, unusual Black 2nd moves.} 9. Bf4 $1 Ne6 {[%emt 0:03:39] [#]} 10. Bd2 $146 (10. O-O-O $14) ({Predecessor:} 10. Bg3 Rb8 11. O-O-O a6 12. h4 b5 13. h5 Bb7 14. Nd5 Rc8 15. Kb1 Na5 16. h6 {0-1 (26) Wieczorek,O (2484)-Savchenko,B (2636) Chess.com INT 2017}) 10... O-O {[%emt 0:10:04] The position is equal.} 11. O-O-O d6 12. exd6 exd6 13. h4 Nc5 14. Qf4 Be6 (14... Qb6 $1 $15 {stays ahead.}) 15. h5 $36 {[%emt 0:07:46][%mdl 2048] White is on the roll.} Qa5 {[%emt 0:02:49] Inhibits b4.} (15... Rc8 $16) 16. hxg6 fxg6 {[%emt 0:02:13] [#]} 17. Qh4 {[%emt 0:01:32] Really sharp!} h5 18. Ng5 {[%emt 0:06:43] Threatens to win with Bc4.} Nb4 (18... Bxa2 $2 19. Nxa2 Qd8 20. Bc4+ d5 21. Be3 $18) (18... d5 $16) 19. Nxe6 Nxe6 (19... Bxc3 20. Bc4 (20. Bxc3 Nxa2+ 21. Kb1 Nxc3+ 22. bxc3 Nxe6 $16) (20. Nxf8 $2 Bxb2+ 21. Kxb2 Qxa2+ 22. Kc3 Qxc2+ 23. Kd4 Nb3+ 24. Ke3 Qc5+ 25. Kf3 Nd4+ 26. Kg3 Nf5+ 27. Kh2 Nxh4 $19) 20... Bxd2+ 21. Rxd2 Nxe6 22. Rxd6 (22. Bxe6+ Kg7 $16) 22... Kh7) 20. Bc4 {[%emt 0:04:32] Weighted Error Value: White=0.15 (very precise) /Black=0.68} 1-0